 Dungeon Crawl Stone Soup version 0.23.0 (webtiles) character file.

Game seed: 4836576134029860467

3119 Kairos the Slasher (level 9, -2/46 HPs)
             Began as a Vine Stalker Fighter on Feb 12, 2019.
             Was a Follower of Okawaru.
             Slain by an orc warrior
             ... wielding a +0 halberd
              (13 damage)
             ... in a bailey.
             The game lasted 00:12:32 (6921 turns).

Kairos the Slasher (Vine Stalker Fighter)           Turns: 6921, Time: 00:12:33

Health: -2/46      AC: 12    Str: 22    XL:     9   Next: 91%
Magic:  0/19       EV: 15    Int:  8    God:    Okawaru [*.....]
Gold:   425        SH: 17    Dex: 14    Spells: 8/8 levels left

rFire    . . .     SeeInvis .   l - +4 long sword
rCold    . . .     Gourm    .   c - +0 shield
rNeg     + . .     Faith    .   D - +3 ring mail {MR+}
rPois    .         Spirit   +   (no helmet)
rElec    .         Reflect  +   (no cloak)
rCorr    .         Harm     .   (no gloves)
MR       ++...                  J - +0 pair of boots
Stlth    +++.......             I - +4 amulet of reflection
HPRegen  0.55/turn              x - ring of positive energy
MPRegen  0.16/turn              o - ring of magical power

@: heroism
A: fangs 3, regeneration 1, magic shield, antimagic bite, no potion heal 3, rot
immunity
a: Heroism, Renounce Religion


You were in a bailey.
You worshipped Okawaru.
Okawaru was aware of your devotion.
You were not hungry.

You visited 2 branches of the dungeon, and saw 8 of its levels.
You also visited: Bailey.

You collected 425 gold pieces.

Inventory:

Hand Weapons
 a - a +0 long sword
 l - a +4 long sword (weapon)
 A - a +3 flail of crushing
 C - a +1 short sword of speed
 F - a +2 war axe of electrocution
Missiles
 g - 5 javelins (quivered)
Armour
 b - a +0 scale mail
 c - a +0 shield (worn)
 D - a +3 ring mail of magic resistance (worn)
 J - a +0 pair of boots (worn)
Jewellery
 n - an uncursed ring of fire
 o - a ring of magical power (right hand)
 x - a ring of positive energy (left hand)
 I - a +4 amulet of reflection (around neck)
Wands
 p - a wand of random effects (13)
Scrolls
 i - 4 scrolls of random uselessness
 q - 2 scrolls of immolation
 r - 2 scrolls of remove curse
 s - 2 scrolls of noise {unknown}
 v - a scroll of amnesia {unknown}
 y - a scroll of fog {unknown}
 z - 4 scrolls of teleportation
 B - a scroll of blinking {unknown}
 H - a scroll of acquirement {unknown}
Potions
 d - 2 potions of might
 e - 4 potions of invisibility {unknown}
 h - 13 potions of curing {unknown}
 j - a potion of flight {unknown}
 k - 2 potions of brilliance {unknown}
 m - a potion of resistance {unknown}
 t - 2 potions of agility {unknown}
 u - a potion of haste {unknown}
 w - 3 potions of lignification {unknown}
 E - a potion of mutation {unknown}
 G - a potion of magic {unknown}
 K - a potion of ambrosia {unknown}
 L - a potion of heal wounds {unknown}
Comestibles
 f - 11 rations


   Skills:
 + Level 4.5(9.5) Fighting
 + Level 7.1(12.1) Long Blades
 + Level 6.1(11.1) Armour
 + Level 3.6(8.6) Dodging
 + Level 1.2(6.2) Stealth
 + Level 6.4(11.4) Shields
 + Level 0.2 Invocations
 + Level 0.1 Evocations


You had 8 spell levels left.
You didn't know any spells.
Your spell library was empty.

Dungeon Overview and Level Annotations

Branches:
Dungeon (7/15)             Temple (1/1) D:6

Altars:
Ashenzari
Cheibriados
Dithmenos
Fedhas
Gozag
Hepliaklqana
Kikubaaqudgha
Nemelex Xobeh
Okawaru
Qazlal
Ru
Sif Muna
Trog
Uskayaw
Vehumet
Wu Jian
Xom
Yredelemnul


Innate Abilities, Weirdness & Mutations

You have razor-sharp teeth.
Your natural rate of healing is unusually fast.
When hurt, damage is shared between your health and your magic reserves.
Your bite disrupts and absorbs the magic of your enemies.
Potions cannot restore your health.
You are immune to rotting.


Message History

The orc warrior is heavily wounded.
You block the orc warrior's attack. You block the orc's attack.
The orc warrior hits you from afar with a +0 spear!
You hit the orc warrior but do no damage.
The orc warrior is heavily wounded.
The orc hits you with a +0 halberd!
* * * LOW HITPOINT WARNING * * *
You block the orc's attack. You block the orc warrior's attack.
The orc warrior barely misses you.
You riposte.
You slash the orc warrior!
You bite the orc warrior, but do no damage.
The orc warrior is almost dead.
You hit the orc warrior but do no damage.
You bite the orc warrior, but do no damage.
The orc warrior is almost dead.
You closely miss the orc warrior.
You bite the orc warrior, but do no damage.
The orc warrior is almost dead.
You block the orc warrior's attack. You block the orc's attack. x2
The orc warrior hits you with a +0 halberd!!
You die...

####### ############
#########.....## ##........∩.#
.#.....#......o######......))....
.'.....'......o#....#.....)))....
.'.....'.....)ooo...'.....))))..∩
.'.....'......)#@...#............
.#.....#.......######............
#########.....## ##........∩.#
####### ############


You could see 2 orc warriors and 3 orcs.

Vanquished Creatures
  Grinder (D:5)
  Edmund (D:4)
  A water moccasin (D:5)
  8 orc warriors
  2 phantoms
  4 ogres
  3 bullfrogs (D:6)
  A water moccasin zombie (D:6)
  A scorpion (D:5)
  3 wights (D:7)
  3 crimson imps
  3 orc priests
  5 orc wizards
  A gnoll shaman (D:7)
  3 hounds (D:6)
  A bullfrog skeleton (D:5)
  2 iguanas
  4 worker ants
  A hound skeleton (D:6)
  A worker ant zombie (D:6)
  A howler monkey skeleton (D:5)
  5 gnolls (D:7)
  10 adders
  An ooze (D:4)
  An adder skeleton (D:6)
  2 worms
  A dart slug (D:3)
  3 leopard geckos
  37 orcs
  5 bats
  5 giant cockroaches
  10 hobgoblins
  2 quokkas
  3 ball pythons
  5 frilled lizards
  12 goblins
  3 kobolds
  5 rats
160 creatures vanquished.

Vanquished Creatures (others)
  A centaur (D:6)
1 creature vanquished.

Grand Total: 161 creatures vanquished

Notes
Turn   | Place    | Note
-------+----------+-------------------------------------------
     0 | D:1      | Kairos the Vine Stalker Fighter began the quest for the
                  | Orb.
     0 | D:1      | Reached XP level 1. HP: 11/11 MP: 2/2
   173 | D:1      | Reached XP level 2. HP: 16/16 MP: 3/3
   306 | D:1      | Reached skill level 2 in Long Blades
   575 | D:2      | Reached XP level 3. HP: 12/19 MP: 2/4
   721 | D:2      | Found a shattered altar of Ashenzari.
   776 | D:2      | Reached skill level 1 in Dodging
   838 | D:2      | Gained mutation: Your natural rate of healing is unusually
                  | fast. [Vine Stalker growth]
   838 | D:2      | Reached XP level 4. HP: 21/23 MP: 5/5
  1207 | D:2      | Found a shadowy altar of Dithmenos.
  1208 | D:2      | Found a hide-covered altar of Uskayaw.
  2173 | D:4      | Noticed Edmund
  2191 | D:4      | Killed Edmund
  2191 | D:4      | Reached skill level 3 in Long Blades
  2191 | D:4      | Reached XP level 5. HP: 4/28 MP: 1/6
  2191 | D:4      | Reached XP level 6. HP: 4/32 MP: 1/7
  3085 | D:5      | Entered Level 5 of the Dungeon
  3095 | D:5      | Reached skill level 4 in Long Blades
  3105 | D:5      | Reached XP level 7. HP: 29/36 MP: 8/8
  3375 | D:5      | Reached skill level 5 in Long Blades
  3741 | D:5      | Gained mutation: You have razor-sharp teeth. [Vine Stalker
                  | growth]
  3741 | D:5      | Reached XP level 8. HP: 42/42 MP: 9/9
  3768 | D:5      | Noticed Grinder
  3781 | D:5      | Killed Grinder
  4361 | D:6      | Reached skill level 1 in Stealth
  4421 | D:6      | Found a shimmering altar of Xom.
  4429 | D:6      | Found a shimmering altar of Xom.
  4443 | D:6      | Reached skill level 6 in Long Blades
  4467 | D:6      | Found a staircase to the Ecumenical Temple.
  4467 | D:6      | Found a shimmering altar of Xom.
  4467 | D:6      | Found a shimmering altar of Xom.
  4481 | D:6      | Reached skill level 5 in Armour
  4494 | Temple   | Entered the Ecumenical Temple
  4738 | Temple   | Became a worshipper of Warmaster Okawaru
  4803 | D:6      | Reached skill level 5 in Shields
  4850 | D:6      | Reached XP level 9. HP: 45/45 MP: 10/10
  5246 | D:6      | Found a deep blue altar of Sif Muna.
  6416 | D:7      | Found a flagged portal.
  6440 | D:7      | Reached * piety under Okawaru
  6514 | Bailey   | Entered a bailey
  6540 | Bailey   | Reached skill level 7 in Long Blades
  6921 | Bailey   | Slain by an orc warrior

Skill      XL: |  1  2  3  4  5  6  7  8  9 |
---------------+----------------------------+-----
Shields        | 3 4 5 6 |  6.4
Long Blades    | 2 3 4 5 6 7 |  7.1
Dodging        | 1 3 |  3.6
Armour         | 3 4 5 6 |  6.1
Fighting       | 3 4 |  4.5
Stealth        | 1 |  1.2
Invocations    | |  0.2
Evocations     | |  0.1

Action                   |  1- 3 |  4- 6 |  7- 9 || total
-------------------------+-------+-------+-------++-------
Melee: Long sword        |    76 |   146 |   384 ||   606
       Bite              |    18 |    46 |   141 ||   205
Invok: Heroism           |       |       |     4 ||     4
Evoke: Wand              |       |       |     3 ||     3
  Use: Scroll            |     2 |       |     6 ||     8
  Eat: Chunk             |       |     7 |    13 ||    20
Armor: Scale mail        |    30 |    35 |       ||    65
       Ring mail         |       |     3 |   133 ||   136
Dodge: Dodged            |    23 |    22 |   187 ||   232
Block: Shield            |    41 |    58 |   383 ||   482
       Reflection        |       |       |     4 ||     4
       Rpst.: Long sword |     6 |     6 |    42 ||    54
